 Dungeon Crawl Stone Soup version 0.01-2115-ge649c80b0b (webtiles) character file.

Game seed: 10785696930031282694, levelgen mode: deterministic

3571 Lanoc the Fighter (level 9, 0/46 HPs) Blue Draconian Demonspawn. Began on June 6, 2020. Slain by a phantom (5 damage) ... on level 5 of the Dungeon. The game lasted 00:12:36 (3606 turns).

Lanoc the Fighter (Blue Draconian Demonspawn)       Turns: 3606, Time: 00:12:37

Health: 0/46       AC:  0    Str: 17    XL:     9 ^: 426
Magic:  13/13      EV: 20    Int: 12    God:
Gold:   338        SH:  0    Dex: 14    Spells: 12/13 levels left

rFire    . . .     Vision   .   (weapon currently unavailable)
rCold    . . .     Gourm    .   (weapon currently unavailable)
rNeg     . . .     Faith    .   (armour unavailable)
rPois    .         Spirit   .   (helmet currently unavailable)
rElec    .         Reflect  .   (cloak currently unavailable)
rCorr    .         Harm     .   (gloves currently unavailable)
MR       .....                  (boots currently unavailable)
Stlth    ++........             (no amulet)
HPRegen  0.25/turn              (ring currently unavailable)
MPRegen  0.23/turn              (ring currently unavailable)

@: short of breath, pig-form, very quick
A: small, (no body armour), unfitting armour, rugged brown scales 2, blink, rot
immunity, MP-powered wands, AC +8
a: Blink


You were on level 5 of the Dungeon.
You were not hungry.
You were a filthy swine.
You visited 1 branch of the dungeon, and saw 5 of its levels.

You collected 338 gold pieces.

Inventory:

Weapons
 e - a +2 whip of venom (melded)
 r - a +5 long sword (melded)
Wands
 o - a wand of acid (2)
Scrolls
 b - 2 scrolls of magic mapping
 f - a scroll of amnesia
 h - 3 scrolls of teleportation
 i - 3 scrolls of fog
 k - a scroll of enchantment
 l - a scroll of fear
Potions
 a - a potion of berserk rage
 d - a potion of curing
 g - a potion of cancellation
 j - 2 potions of brilliance
 m - a potion of lignification
 n - a potion of heal wounds
 p - a potion of resistance
Comestibles
 c - 11 rations


   Skills:
 + Level 11.1 Fighting
 - Level 1.5 Long Blades
 + Level 8.1 Dodging
 - Level 1.3 Stealth
 - Level 2.6 Spellcasting
   Level 3.0 Invocations


You had 12 spell levels left.
You knew the following spells:

 Your Spells              Type           Power        Failure   Level  Hunger
a - Flame Tongue          Fire           1 (40)       26%         1    #......

Your spell library contained the following spells:

 Spells                   Type           Power        Failure   Level  Hunger
 Blink                    Tloc           N/A          36%         2    ###....
 Call Imp                 Summ           1 (100)      36%         2    ###....
 Slow                     Hex            1 (100)      36%         2    ###....
 Conjure Flame            Fire           1 (100)      58%         3    ###....
 Mephitic Cloud           Pois/Air       1 (100)      58%         3    ###....


Dungeon Overview and Level Annotations

Branches:
Dungeon (5/8)
 Temple: D:4           Lair: D:5

Altars:
The Shining One

Shops:
D:3 (


Innate Abilities, Weirdness & Mutations

You cannot fit into any form of body armour.
((Your flickering blue scales are hard. (AC +8)))
((You can breathe wild blasts of lightning))
((You have a pair of antennae on your head.))
(You are mostly covered in rugged brown scales. (AC +2, +5% HP))
((You are cold-blooded and may be slowed by cold attacks.))
You are immune to rotting.
((You are in touch with the powers of the air.))
((Your flickering blue scales grant you resistance to electric shocks. (rElec)))
((Your tail ends in a poisonous barb.))
You can translocate small distances at will.
You expend magic power (3 MP) to strengthen your wands.


Message History

You tail-slap the crocodile, but do no damage.
The crocodile is heavily wounded. (19/32) HP The crocodile misses you (0).
You riposte.
You hit the crocodile (4).
The crocodile looks as sick as possible!
The crocodile is heavily wounded. (15/32) HP The crocodile bites you (2).
* * * LOW HITPOINT WARNING * * *
You slash the crocodile (8)!
The crocodile is severely wounded. (7/32) HP You hit the crocodile (2).
The crocodile is almost dead. (5/32) HP You kill the crocodile!
The phantom zaps a wand.
You turn into a filthy swine.
Your +5 long sword melds into your body.
Your +2 whip of venom melds into your body.
Your +2 whip of venom stops dripping with poison.
The sky beast barely misses you (0).
The phantom blinks!
The sky beast misses you (0). The phantom hits you (5).
You die...

# #
.#.
#.#
#.#
#Y#
W.#
#h#
#.#
#.# {
#ยง#
#.#
#.# {
#.#
#.#
#.##.#


You could see a phantom and a sky beast.

Vanquished Creatures
  A troll (D:5)
  A queen bee (D:4)
  2 porcupines (D:4)
  A sky beast (D:4)
  An orc warrior (D:4)
  2 ogres (D:4)
  A crocodile (D:5)
  4 big kobolds (D:2)
  2 howler monkeys (D:4)
  2 scorpions
  3 wights (D:4)
  23 killer bees (D:4)
  A crimson imp (D:3)
  6 jellies
  3 hounds (D:4)
  2 orc priests (D:4)
  3 orc wizards (D:4)
  2 iguanas
  5 worker ants (D:3)
  A wyvern skeleton (D:4)
  A wyvern zombie (D:4)
  An iron imp (D:3)
  A bullfrog zombie (D:3)
  A porcupine zombie (D:4)
  A bullfrog skeleton (D:4)
  A porcupine skeleton (D:4)
  8 adders
  14 sewer rats (D:2)
  5 cinder newts
  4 worms
  A worker ant zombie (D:4)
  An ooze (D:2)
  A hound skeleton (D:4)
  2 dart slugs (D:1)
  5 leopard geckos
  10 orcs
  2 adder skeletons
  2 adder zombies
  A cinder newt skeleton (D:2)
  4 giant cockroaches
  A goblin (D:1)
  A hobgoblin (D:1)
  16 kobolds (D:2)
  A quokka (D:4)
  2 ball pythons (D:2)
  5 bats (D:2)
  A bat skeleton (D:2)
  3 goblin skeletons (D:2)
  A hobgoblin skeleton (D:2)
  A jackal skeleton (D:4)
  An orc skeleton (D:2)
  A quokka skeleton (D:4)
  3 rats (D:1)
  A withered plant (D:2)
170 creatures vanquished.

Vanquished Creatures (others)
  A scorpion (D:4)
  A wight (D:4)
  An orc wizard (D:4)
  5 sewer rats (D:2)
  An orc (D:4)
  2 kobolds (D:2)
  2 bats (D:2)
  A goblin skeleton (D:2)
  A jackal zombie (D:4)
  A withered plant (D:2)
16 creatures vanquished.

Grand Total: 186 creatures vanquished

Notes
Turn   | Place    | Note
-------+----------+-------------------------------------------
     0 | D:1      | Lanoc the Immature Draconian Demonspawn began the quest for
                  | the Orb.
     0 | D:1      | Reached XP level 1. HP: 18/18 MP: 4/4
     3 | D:1      | Gained mutation: You can translocate small distances at
                  | will. [potion of mutation]
     3 | D:1      | Gained mutation: You expend magic power (3 MP) to
                  | strengthen your wands. [potion of mutation]
     3 | D:1      | Gained mutation: Your tail ends in a poisonous barb.
                  | [potion of mutation]
   137 | D:2      | Gained mutation: You have a pair of small antennae on your
                  | head. [demonic ancestry]
   137 | D:2      | Reached XP level 2. HP: 25/25 MP: 3/5
   139 | D:2      | Noticed a big kobold
   146 | D:2      | Reached skill level 3 in Fighting
   146 | D:2      | Gained mutation: You are partially covered in rugged brown
                  | scales. (AC +1, +3% HP) [demonic ancestry]
   146 | D:2      | Reached XP level 3. HP: 17/31 MP: 2/7
   165 | D:2      | Killed a big kobold
   165 | D:2      | Reached skill level 4 in Fighting
   165 | D:2      | Reached XP level 4. HP: 28/41 MP: 0/8
   262 | D:2      | Gained mutation: You have a pair of antennae on your head.
                  | [demonic ancestry]
   262 | D:2      | Reached XP level 5. HP: 42/48 MP: 4/9
   864 | D:2      | Reached skill level 5 in Fighting
   879 | D:2      | Reached XP level 6. HP: 57/57 MP: 4/10
  1299 | D:2      | Reached skill level 6 in Fighting
  1318 | D:2      | Your scales start taking on a flickering blue colour.
  1318 | D:2      | Reached XP level 7. HP: 59/64 MP: 1/11
  1318 | D:2      | Gained mutation: You are immune to rotting. [demonic
                  | ancestry]
  1318 | D:2      | Gained mutation: Your flickering blue scales grant you
                  | resistance to electric shocks. (rElec) [Blue Draconian
                  | growth]
  1318 | D:2      | Gained mutation: You are in touch with the powers of the
                  | air. [Blue Draconian growth]
  1570 | D:3      | Reached skill level 5 in Dodging
  1629 | D:3      | Found a glowing golden altar of the Shining One.
  1708 | D:3      | Reached skill level 7 in Fighting
  1932 | D:3      | Found Minag's Antique Weapon Boutique.
  2233 | D:4      | Gained mutation: You are mostly covered in rugged brown
                  | scales. (AC +2, +5% HP) [demonic ancestry]
  2233 | D:4      | Reached XP level 8. HP: 63/76 MP: 12/12
  2264 | D:4      | Reached skill level 8 in Fighting
  2474 | D:4      | Noticed a queen bee
  2483 | D:4      | Killed a queen bee
  2483 | D:4      | Reached skill level 9 in Fighting
  2652 | D:4      | Reached XP level 9. HP: 79/88 MP: 13/13
  2932 | D:4      | Reached skill level 10 in Fighting
  3431 | D:5      | Entered Level 5 of the Dungeon
  3568 | D:5      | Noticed a troll
  3575 | D:5      | Killed a troll
  3575 | D:5      | Reached skill level 11 in Fighting
  3606 | D:5      | Slain by a phantom

Levels and vault maps discovered:
D:1:      lemuel_arrival_room, layout_basic, minmay_tromino_v4_c
D:2:      layout_sewer, first_ration, kennysheep_potato
D:3:      layout_basic, tso_altar, serial_shops, shop
D:4:      layout_loops_ring, lemuel_coloured_pillars_altar, temple_fountains,
          special_room [special_room_bee], nicolae_ossuary_entry_false_entrances
D:5:      layout_loops_ring, nicolae_ru_path_of_blood, david_lair_generic,
          enter_trove_5, uniq_erolcha, uniq_josephine, uniq_maggie

Skill      XL: |  1  2  3  4  5  6  7  8  9 |
---------------+----------------------------+-----
Fighting       | 3 4 5 6 7 9 11 | 11.1
Dodging        | 3 4 5 6 8 |  8.1
Long Blades    | |  1.5
Stealth        | |  1.3
Spellcasting   | |  2.6
Invocations    | |  3.0

Action                   |  1- 3 |  4- 6 |  7- 9 || total
-------------------------+-------+-------+-------++-------
Melee: Long sword        |     7 |    43 |   175 ||   225
       Unarmed           |     6 |     5 |       ||    11
       Tailslap          |     1 |     7 |    41 ||    49
       Whip              |       |    26 |   155 ||   181
 Cast: Flame Tongue      |     6 |    56 |     6 ||    68
 Abil: Breathe Dart      |     1 |     1 |       ||     2
       Breathe Lightning |       |       |    13 ||    13
  Use: Potion            |     1 |       |       ||     1
 Stab: Sleeping          |     1 |     4 |     1 ||     6
  Eat: Chunk             |       |     3 |     9 ||    12
       Ration            |       |       |     1 ||     1
Armor: Skin              |     2 |    24 |    79 ||   105
Dodge: Dodged            |     8 |    72 |   334 ||   414
       Rpst.: Long sword |     3 |    20 |   105 ||   128
       Unarmed           |     2 |     1 |       ||     3
       Whip              |       |    25 |   107 ||   132
